[Event "ICC tourney 2014 (15 5)"]
[Site "Internet Chess Club"]
[Date "2020.09.20"]
[Round "6"]
[White "rohitk14"]
[Black "michaelxiao"]
[Result "1-0"]
[ICCResult "Black resigns"]
[WhiteElo "1102"]
[BlackElo "1346"]
[Opening "French: Tarrasch, open variation"]
[ECO "C07"]
[NIC "FR.18"]
[Time "17:01:28"]
[TimeControl "900+5"]

1. e4 e6 2. d4 d5 3. Nd2 c5 4. c3 Nc6 5. Ngf3 cxd4 6. cxd4 Bb4 7. e5 Nge7 8.
Bd3 Ng6 9. O-O Qb6 10. Nb3 O-O 11. Be3 a5 12. a3 Be7 13. Rb1 Bd7 14. Re1
Rac8 15. Nbd2 Na7 16. Nf1 Nb5 17. Qd2 f6 18. Ng3 fxe5 19. Nxe5 Nxe5 20. dxe5
Qc7 21. Rec1 Qxe5 22. Qxa5 Rxc1+ 23. Rxc1 Qxb2 24. Rb1 Qc3 25. Qxc3 Nxc3 26.
Rxb7 Rd8 27. Bb6 Ba4 28. Bxd8 Bxd8 29. Rb8 e5 30. Rxd8+ Kf7 31. f3 d4 32.
Ne4 Nxe4 33. Bxe4 Ke7 34. Rb8 Ke6 35. Kf2 Kd6 36. Ke2 g6 37. Rb4 Bc6 38.
Bxc6 Kxc6 39. Kd3 Kc5 40. Rb7 Kd5 41. Rxh7 g5 42. Rg7 {Black resigns} 1-0

[Event "ICC tourney 2014 (15 5)"]
[Site "Internet Chess Club"]
[Date "2020.09.20"]
[Round "6"]
[White "oxdidi"]
[Black "NikiSDKChess"]
[Result "1-0"]
[ICCResult "Black checkmated"]
[WhiteElo "1329"]
[BlackElo "716"]
[Opening "King's pawn game"]
[ECO "C50"]
[NIC "IG.03"]
[Time "17:01:47"]
[TimeControl "900+5"]

1. e4 e5 2. Nf3 Nc6 3. Bc4 h6 4. c3 Nf6 5. d3 d5 6. exd5 Nxd5 7. h3 Nf4 8.
O-O Qf6 9. Nbd2 Qg6 10. Nh4 Qg5 11. Ndf3 Qf6 12. Re1 g5 13. Bxf4 gxh4 14.
Nxe5 Be6 15. Nxc6 bxc6 16. Bxe6 fxe6 17. Be5 Qg6 18. Bxh8 Bd6 19. Be5 Bxe5
20. Rxe5 O-O-O 21. Qb3 Rg8 22. Qxe6+ Kb8 23. Qxg6 Rxg6 24. Re8+ Kb7 25. Re4
Rd6 26. d4 Rf6 27. Rxh4 Kb6 28. Rh5 a5 29. b4 axb4 30. cxb4 Rd6 31. Rd1 c5
32. bxc5+ Kc6 33. cxd6 cxd6 34. Rc1+ Kd7 35. Rxh6 Ke7 36. Rb1 Kd7 37. Rc1
Ke7 38. Rc7+ Kd8 39. Ra7 Kc8 40. Rh8# {Black checkmated} 1-0

[Event "ICC tourney 2014 (15 5)"]
[Site "Internet Chess Club"]
[Date "2020.09.20"]
[Round "6"]
[White "Jeffchess"]
[Black "snifflingalloy6"]
[Result "0-1"]
[ICCResult "White resigns"]
[WhiteElo "1364"]
[BlackElo "1729"]
[Opening "Scandinavian defense"]
[ECO "B01"]
[NIC "SD.03"]
[Time "17:01:28"]
[TimeControl "900+5"]

1. e4 d5 2. exd5 Nf6 3. Bb5+ Bd7 4. Qe2 Nxd5 5. a4 e6 6. b3 Be7 7. Ba3 Nb4
8. Bxb4 Bxb4 9. c3 Bd6 10. b4 O-O 11. a5 Bc6 12. Bxc6 Nxc6 13. Nf3 a6 14.
Na3 Qf6 15. Nc4 Bxb4 16. O-O Bc5 17. d4 Be7 18. Rfb1 Rab8 19. Nfe5 Nxe5 20.
Nxe5 Rfd8 21. Qe4 c6 22. Rb6 Bd6 23. Nxc6 bxc6 24. Qxc6 Qe7 25. Rxa6 Qc7 26.
Qf3 Rdc8 27. h3 Be7 28. Rc1 Bf6 29. Qd3 Qc4 30. Qxc4 Rxc4 31. Rb6 Ra8 32. a6
h6 33. Rcb1 Kh7 34. R1b4 Rxc3 35. Ra4 Rd3 36. a7 Bxd4 37. Rd6 Rd1+ 38. Kh2
Be5+ 39. f4 Bxd6 40. Ra6 Bxf4+ 41. g3 Rd2+ 42. Kg1 Be3+ 43. Kf1 Rxa7 44.
Rxa7 Bxa7 45. g4 Rh2 46. g5 hxg5 47. h4 gxh4 48. Ke1 Rf2 49. Kd1 h3 50. Ke1
h2 {White resigns} 0-1

[Event "ICC tourney 2014 (15 5)"]
[Site "Internet Chess Club"]
[Date "2020.09.20"]
[Round "6"]
[White "Joshua1"]
[Black "VirginiaGuy"]
[Result "1-0"]
[ICCResult "Black resigns"]
[WhiteElo "1873"]
[BlackElo "1510"]
[Opening "QGD: exchange, positional line, 6.Qc2"]
[ECO "D36"]
[NIC "QO.16"]
[Time "17:01:28"]
[TimeControl "900+5"]

1. d4 d5 2. c4 e6 3. Nc3 Nf6 4. cxd5 exd5 5. Bg5 c6 6. Qc2 Be7 7. e3 O-O 8.
Bd3 Nbd7 9. Nge2 Re8 10. O-O h6 11. Bh4 Nh5 12. Bxe7 Qxe7 13. Ng3 Nxg3 14.
hxg3 Nf6 15. Rab1 a5 16. a3 a4 17. Nxa4 Qc7 18. Rfc1 Nh5 19. Nc3 Nxg3 20.
Nxd5 Qd6 21. Nb6 Ra5 22. Nxc8 Rh5 23. fxg3 Qxg3 24. Qe2 Qh2+ 25. Kf2 Qh4+
26. g3 Qf6+ 27. Kg2 Rxc8 28. Qxh5 Re8 29. Rf1 Qe6 30. Qf3 Rf8 31. e4 Qb3 32.
d5 cxd5 33. exd5 Qb6 34. Qf5 {Black resigns} 1-0

[Event "ICC tourney 2014 (15 5)"]
[Site "Internet Chess Club"]
[Date "2020.09.20"]
[Round "6"]
[White "steinutz"]
[Black "wildrumpus"]
[Result "1-0"]
[ICCResult "Black checkmated"]
[WhiteElo "1782"]
[BlackElo "1439"]
[Opening "Trompowsky attack (Ruth, Opocenský opening)"]
[ECO "A45"]
[NIC "QP.07"]
[Time "17:02:21"]
[TimeControl "900+5"]

1. d4 Nf6 2. Bg5 b6 3. e3 Bb7 4. Nf3 e6 5. Bd3 h6 6. Bh4 Be7 7. Nbd2 O-O 8.
Qe2 d5 9. Ne5 c5 10. c3 Ne4 11. Bg3 f5 12. Ndf3 Rf6 13. O-O-O a5 14. Kb1 c4
15. Bxe4 fxe4 16. Nd2 Qe8 17. f3 a4 18. fxe4 a3 19. b3 cxb3 20. Nxb3 Ba6 21.
Qc2 Bc4 22. exd5 exd5 23. Nxc4 dxc4 24. Nd2 Qb5+ 25. Ka1 Nc6 26. Rb1 Qa6 27.
e4 b5 28. e5 Rff8 29. d5 Na5 30. h4 Bc5 31. Ne4 Bb6 32. e6 Nb3+ 33. axb3 a2
34. Rbf1 cxb3 35. Qxb3 Rfc8 36. d6 Rc4 37. e7 Kh7 38. Ng5+ hxg5 39. hxg5+
Kg6 40. d7 Rxc3 41. e8=Q+ Rxe8 42. dxe8=Q+ Kxg5 43. Qh5# {Black checkmated}
1-0

[Event "ICC tourney 2014 (15 5)"]
[Site "Internet Chess Club"]
[Date "2020.09.20"]
[Round "6"]
[White "BobbyFissure"]
[Black "AdityaBang"]
[Result "0-1"]
[ICCResult "White resigns"]
[WhiteElo "1484"]
[BlackElo "1260"]
[Opening "Nimzovich-Larsen attack: modern variation"]
[ECO "A01"]
[NIC "VO.08"]
[Time "17:01:25"]
[TimeControl "900+5"]

1. b3 e5 2. Bb2 d6 3. e3 Nc6 4. d4 exd4 5. exd4 Nf6 6. Nf3 Be7 7. Bb5 Bd7 8.
d5 Nb4 9. Bxd7+ Qxd7 10. c4 O-O 11. a3 Na6 12. O-O Rfe8 13. Nc3 c6 14. dxc6
bxc6 15. b4 Rab8 16. Qa4 Nc7 17. Qxa7 c5 18. Qa4 Qxa4 19. Nxa4 cxb4 20. Rfd1
d5 21. Be5 Ra8 22. Nb6 Ra7 23. axb4 Rb7 24. c5 Ne6 25. Rab1 Nd7 26. Nxd7
Rxd7 27. c6 Rdd8 28. b5 f6 29. Bc3 Bc5 30. Nd4 Nf4 31. Re1 Bxd4 32. Rxe8+
Rxe8 33. Bxd4 Ne2+ 34. Kf1 Nxd4 35. c7 Rc8 36. b6 Nc6 37. Rd1 d4 38. Rxd4
Kf7 39. Rc4 Na5 40. Rc5 Nb7 41. Rc1 Ke7 42. Rd1 g5 43. f3 h5 44. Kf2 Nd6 45.
Rxd6 Kxd6 46. Ke3 Kc6 47. Ke4 Kxb6 48. Kf5 Rf8 49. c8=Q Rxc8 50. Kxf6 Rc2
51. g4 Rxh2 52. Kxg5 h4 53. f4 Rf2 54. Kxh4 Rxf4 55. Kh5 Kc5 56. g5 Kd6 57.
g6 Ke7 58. Kh6 Kf6 59. Kh7 Rh4+ 60. Kg8 Kxg6 61. Kf8 Rh7 62. Ke8 Kf6 63. Kd8
Ke6 64. Kc8 Kd6 65. Kb8 Kc6 66. Ka8 Kb6 {White resigns} 0-1

[Event "ICC tourney 2014 (15 5)"]
[Site "Internet Chess Club"]
[Date "2020.09.20"]
[Round "6"]
[White "pmchess98"]
[Black "Vidipkona"]
[Result "0-1"]
[ICCResult "White resigns"]
[WhiteElo "1393"]
[BlackElo "1339"]
[Opening "Sicilian: Alapin's variation (2.c3)"]
[ECO "B22"]
[NIC "SI.46"]
[Time "17:01:28"]
[TimeControl "900+5"]

1. e4 c5 2. c3 d6 3. d4 cxd4 4. cxd4 Nf6 5. Nc3 e6 6. Nf3 Be7 7. Bd3 O-O 8.
O-O a6 9. h3 b5 10. a3 Bb7 11. e5 dxe5 12. dxe5 Nd5 13. Nxd5 Bxd5 14. Qe2
Nd7 15. Re1 Nc5 16. Bf4 Bxf3 17. Bxh7+ Kxh7 18. Qxf3 Qd5 19. Qh5+ Kg8 20.
Rad1 Qc6 21. Rc1 Qb7 22. Re3 Ne4 23. Rce1 f5 24. exf6 Nxf6 25. Qg6 Bc5 26.
Rxe6 Qf7 27. Qc2 Nd7 28. Be3 Bxe3 29. R1xe3 Rac8 30. Qd2 Nc5 31. Re7 Qc4 32.
b4 Na4 33. Rxg7+ Kxg7 34. Rg3+ Kh7 35. Qg5 Qc1+ 36. Kh2 Qxg5 37. Rxg5 Rxf2
{White resigns}
0-1

[Event "ICC tourney 2014 (15 5)"]
[Site "Internet Chess Club"]
[Date "2020.09.20"]
[Round "6"]
[White "TheMoffattMan"]
[Black "marinaxiao"]
[Result "1/2-1/2"]
[ICCResult "Game drawn because neither player has mating material"]
[WhiteElo "1405"]
[BlackElo "1432"]
[Opening "Sicilian: Pelikan (Lasker/Sveshnikov) variation"]
[ECO "B33"]
[NIC "SI.35"]
[Time "17:01:26"]
[TimeControl "900+5"]

1. e4 c5 2. Nf3 Nc6 3. d4 cxd4 4. Nxd4 Nf6 5. Nc3 e5 6. Nde2 Bb4 7. g3 Nxe4
8. Bg2 Nxc3 9. Nxc3 O-O 10. Qd3 d6 11. O-O Kh8 12. Qc4 Be6 13. Qb5 Bxc3 14.
bxc3 Qc7 15. Rd1 a6 16. Qd3 Rad8 17. Ba3 Qb6 18. Bxd6 Rfe8 19. c4 Nb4 20.
Rab1 Nxd3 21. Rxb6 Nc5 22. Re1 Na4 23. Rb4 Rxd6 24. Rxa4 Rb8 25. Bf1 f6 26.
Rb1 Rdd8 27. Rab4 h6 28. Bd3 f5 29. Rxb7 Rxb7 30. Rxb7 e4 31. Be2 Rd2 32.
Rb6 Rxe2 33. Rxe6 Rxc2 34. Rxa6 Rxc4 35. a4 g5 36. Rxh6+ Kg7 37. Ra6 f4 38.
gxf4 gxf4 39. Kg2 Rc2 40. Kf1 e3 41. fxe3 fxe3 42. Re6 Rxh2 43. Rxe3 Ra2 44.
Re4 Kf7 45. Ke1 Kf6 46. Kd1 Kf5 47. Rh4 Ke5 48. Kc1 Ra1+ 49. Kb2 Rd1 50. a5
Rd6 51. Kb3 Ra6 52. Ka4 Kd5 53. Rb4 Kc6 54. Rc4+ Kb7 55. Rb4+ Kc6 56. Rb5
Kc7 57. Kb4 Kc6 58. Rc5+ Kb7 59. Kb5 Ra8 60. Rc6 Rxa5+ 61. Kxa5 Kxc6
{Game drawn because neither player has mating material}
1/2-1/2

[Event "ICC tourney 2014 (15 5)"]
[Site "Internet Chess Club"]
[Date "2020.09.20"]
[Round "7"]
[White "marinaxiao"]
[Black "snifflingalloy6"]
[Result "0-1"]
[ICCResult "White resigns"]
[WhiteElo "1428"]
[BlackElo "1730"]
[Opening "Scandinavian: Marshall variation"]
[ECO "B01"]
[NIC "SD.03"]
[Time "18:02:12"]
[TimeControl "900+5"]

1. e4 d5 2. exd5 Nf6 3. d4 Nxd5 4. c4 Nf6 5. Nc3 e6 6. Bg5 Be7 7. Nf3 O-O 8.
Be2 b6 9. O-O Bb7 10. Re1 Nbd7 11. h3 c5 12. d5 exd5 13. cxd5 Re8 14. Bb5 a6
15. d6 Bf8 16. Bxf6 Rxe1+ 17. Nxe1 Nxf6 18. d7 axb5 19. Nxb5 Qxd7 20. Qxd7
Nxd7 21. Nf3 Bxf3 22. gxf3 Ne5 23. Kg2 Nc6 24. Nc7 Rd8 25. Re1 Nd4 26. Rd1
Bd6 27. Nb5 Nxb5 {White resigns} 0-1

[Event "ICC tourney 2014 (15 5)"]
[Site "Internet Chess Club"]
[Date "2020.09.20"]
[Round "7"]
[White "Kokosnuss1000"]
[Black "Jeffchess"]
[Result "0-1"]
[ICCResult "White resigns"]
[WhiteElo "1137"]
[BlackElo "1375"]
[Opening "Sicilian defense"]
[ECO "B40"]
[NIC "SI.43"]
[Time "18:01:23"]
[TimeControl "900+5"]

1. e4 c5 2. Nf3 e6 3. Nc3 a6 4. d4 Nc6 5. Be3 Qb6 6. Be2 Qxb2 7. Na4 Qb4+ 8.
Nc3 Qxc3+ 9. Bd2 Qa3 10. Rb1 cxd4 11. Rb3 Qxa2 12. Ng5 Nf6 13. Bh5 g6 14.
Qf3 Be7 15. e5 Nxe5 16. Qf4 d6 17. O-O Qxc2 18. Rc3 dxc3 {White resigns} 0-1

[Event "ICC tourney 2014 (15 5)"]
[Site "Internet Chess Club"]
[Date "2020.09.20"]
[Round "7"]
[White "AdityaBang"]
[Black "wildrumpus"]
[Result "0-1"]
[ICCResult "White resigns"]
[WhiteElo "1226"]
[BlackElo "1450"]
[Opening "Caro-Kann: exchange variation"]
[ECO "B13"]
[NIC "CK.02"]
[Time "18:01:40"]
[TimeControl "900+5"]

1. e4 c6 2. d4 d5 3. exd5 cxd5 4. Nf3 Bg4 5. Nc3 Nf6 6. h3 Bh5 7. Bf4 Nc6 8.
Nb5 Qa5+ 9. Qd2 Qxd2+ 10. Bxd2 Bxf3 11. Nc7+ Kd7 12. Nxa8 Be4 13. Bf4 Nxd4
14. Rc1 Nxc2+ 15. Kd2 e5 16. Bxe5 Bb4+ 17. Kd1 Rxa8 18. f3 Ne3+ 19. Ke2 Nxf1
20. fxe4 Re8 21. Bxf6 Ng3+ 22. Kf2 Nxh1+ 23. Rxh1 gxf6 24. a3 Bc5+ 25. Kf3
dxe4+ 26. Kf4 e3 27. Rd1+ Kc6 28. b4 Bb6 29. Kf5 e2 30. Rc1+ Kb5 31. Kxf6
e1=Q 32. Rxe1 Rxe1 33. Kxf7 Rg1 34. g4 Rg3 35. g5 Rxg5 36. Kf6 Rh5
{White resigns}
0-1

[Event "ICC tourney 2014 (15 5)"]
[Site "Internet Chess Club"]
[Date "2020.09.20"]
[Round "7"]
[White "NikiSDKChess"]
[Black "michaelxiao"]
[Result "0-1"]
[ICCResult "White checkmated"]
[WhiteElo "717"]
[BlackElo "1363"]
[Opening "French defense"]
[ECO "C00"]
[NIC "FR.01"]
[Time "18:01:48"]
[TimeControl "900+5"]

1. e4 e6 2. Nf3 d5 3. exd5 exd5 4. Nc3 Nf6 5. d4 Bb4 6. Bd2 Bf5 7. a3 Bd6 8.
Bg5 c6 9. Bxf6 Qxf6 10. Be2 Nd7 11. Bd3 Bxd3 12. Qxd3 Qe7+ 13. Qe2 Qxe2+ 14.
Nxe2 O-O 15. O-O Rfe8 16. Nc3 Nf6 17. b4 b5 18. a4 Bxb4 19. Na2 Bd6 20. axb5
cxb5 21. Nc3 a6 22. Ne2 Rxe2 23. c4 bxc4 24. Rfd1 c3 25. Ne1 Ne4 26. Rac1
Rxf2 27. Nd3 Rd2 28. Ne1 a5 29. Nf3 Rxd1+ 30. Rxd1 a4 31. Ne1 a3 32. Ra1 a2
33. g3 Bb4 34. Kg2 Nd2 35. Nc2 Nb3 36. Re1 a1=Q 37. Nxa1 Rxa1 38. Re8+ Bf8
39. h4 c2 40. g4 c1=Q 41. h5 Qf1+ 42. Kg3 Ra3 43. g5 Nd2+ 44. Kg4 Qf3+ 45.
Kh4 Qg3# {White checkmated} 0-1

[Event "ICC tourney 2014 (15 5)"]
[Site "Internet Chess Club"]
[Date "2020.09.20"]
[Round "7"]
[White "VirginiaGuy"]
[Black "BobbyFissure"]
[Result "1/2-1/2"]
[ICCResult "Game drawn by mutual agreement"]
[WhiteElo "1514"]
[BlackElo "1511"]
[Opening "Queen's Indian defense"]
[ECO "A47"]
[NIC "QP.06"]
[Time "18:01:28"]
[TimeControl "900+5"]

1. d4 Nf6 2. Nf3 b6 3. e3 Bb7 4. Bd3 e6 5. Nbd2 d5 6. a3 Nbd7 7. b3 Bd6 8.
Bb2 Ne4 9. O-O f5 10. Ne5 O-O 11. f4 c5 12. Ndf3 cxd4 13. exd4 Rc8 14. c4 h6
15. Rc1 Kh7 16. Qe1 Be7 17. Bb1 Ndf6 18. Nh4 dxc4 19. bxc4 Bd6 20. Nhf3
{Game drawn by mutual agreement}
1/2-1/2

[Event "ICC tourney 2014 (15 5)"]
[Site "Internet Chess Club"]
[Date "2020.09.20"]
[Round "7"]
[White "amandapati"]
[Black "pmchess98"]
[Result "1-0"]
[ICCResult "Black forfeits on time"]
[WhiteElo "145"]
[BlackElo "1356"]
[Opening "Budapest: Rubinstein variation"]
[ECO "A52"]
[NIC "QG.01"]
[Time "18:01:34"]
[TimeControl "900+5"]

1. d4 Nf6 2. c4 e5 3. dxe5 Ng4 4. Bf4 Nc6 5. Nf3 Bb4+ 6. Nbd2 Qe7 7. e3
Ngxe5 8. Nxe5 Nxe5 9. Be2 d6 10. h3 Be6 11. Qa4+ Nc6 12. Rd1 O-O 13. a3
Bxd2+ 14. Kxd2 Qf6 15. Kc1 Bf5 16. h4 a6 17. g4 Bd7 18. g5 Qe6 19. c5 Ne5
20. Qe4 Bc6 21. Qd4 Bxh1 22. Rxh1 Ng6 23. Bg3 dxc5 24. Qxc5 b6 25. Qc2 c5
26. h5 Ne5 27. h6 g6 28. Rh4 Rfe8 29. Qc3 b5 30. Re4 b4 31. Qxe5 Qxe5 32.
Rxe5 Rxe5 33. Bxe5 b3 34. Kd2 Rd8+ 35. Kc3 Rd5 36. f4 a5 37. Bb5 Rd1 38.
Kxb3 Re1 39. Ka4 Rxe3 40. Bc6 Kf8 41. Kxa5 Ke7 42. Kb6 c4 43. a4 Ke6 44. a5
{Black forfeits on time}
1-0

[Event "ICC tourney 2014 (15 5)"]
[Site "Internet Chess Club"]
[Date "2020.09.20"]
[Round "7"]
[White "TheMoffattMan"]
[Black "rohitk14"]
[Result "0-1"]
[ICCResult "White forfeits on time"]
[WhiteElo "1378"]
[BlackElo "1087"]
[Opening "Sicilian"]
[ECO "B50"]
[NIC "SI.01"]
[Time "18:01:24"]
[TimeControl "900+5"]

1. e4 c5 2. Nf3 d6 3. Nc3 Nf6 4. Bc4 a6 5. a3 e6 6. O-O Be7 7. Re1 b5 8. Ba2
O-O 9. d4 cxd4 10. Nxd4 Bb7 11. Bxe6 fxe6 12. Nxe6 Qd7 13. Nxf8 Bxf8 14. Bg5
Qe6 15. Qd4 Nc6 16. Qe3 Rd8 17. Rad1 Ne5 18. Bf4 Nc4 19. Qc1 Qg4 20. f3 Qe6
21. Ne2 d5 22. exd5 Nxd5 23. Nd4 Qf6 24. Bg5 Qb6 25. Bxd8 Qxd8 26. c3 Bc5
27. Re4 Nxc3 28. Qxc3 Bxe4 29. fxe4 Qg5 30. Kh1 Ne3 31. Rd2 Nf1 32. Rf2 Ne3
33. Re2 Nc4 34. Ne6 Qg4 35. Nxc5 Qxe2 36. Qc1 Qxb2 37. Qxb2 Nxb2 38. Kg1 Nc4
39. a4 bxa4 40. Nxa4 Kf7 41. Kf2 Kf6 42. Kf3 Ke5 43. Nc5 a5 44. g4 g5 45. h3
h6 46. Na4 Nd2+ 47. Ke3 Nxe4 48. Nb2 Nd6 49. Nd3+ Kd5 50. Kd2 a4 51. Kc3 a3
52. Kb3 Ke4 53. Nc5+ Kf3 54. Kxa3 Kg3 {White forfeits on time} 0-1

[Event "ICC tourney 2014 (15 5)"]
[Site "Internet Chess Club"]
[Date "2020.09.20"]
[Round "7"]
[White "Vidipkona"]
[Black "Joshua1"]
[Result "1/2-1/2"]
[ICCResult "Game drawn because neither player has mating material"]
[WhiteElo "1343"]
[BlackElo "1854"]
[Opening "Sicilian: Kan, 5.Nc3"]
[ECO "B43"]
[NIC "SI.41"]
[Time "18:01:54"]
[TimeControl "900+5"]

1. e4 c5 2. Nf3 e6 3. d4 cxd4 4. Nxd4 a6 5. Nc3 Qc7 6. Be3 Bb4 7. Qd2 Nf6 8.
f3 d5 9. exd5 Nxd5 10. Nde2 O-O 11. O-O-O Nc6 12. Kb1 Nxe3 13. Qxe3 b5 14.
Nd4 Nxd4 15. Qxd4 Bxc3 16. Qxc3 Qxc3 17. bxc3 Bb7 18. c4 bxc4 19. Bxc4 Rfd8
20. Bb3 Kf8 21. Kc1 Ke7 22. Rxd8 Rxd8 23. Rd1 Rxd1+ 24. Kxd1 Kd6 25. Kd2 f6
26. Ke3 e5 27. g3 h6 28. f4 Bc6 29. h4 a5 30. a3 g5 31. fxg5 fxg5 32. hxg5
hxg5 33. Bc4 Kc5 34. Bd3 Kd6 35. Be4 Bxe4 36. Kxe4 a4 37. g4 Ke6 38. c4 Kd6
39. Kf5 Kc5 40. Kxe5 Kxc4 41. Kf5 Kb3 42. Kxg5 Kxa3 43. Kh6 Kb4 44. g5 a3
45. g6 a2 46. g7 a1=Q 47. g8=Q Qh1+ 48. Kg7 Qg2+ 49. Kf7 Qa2+ 50. Kg7 Qb2+
51. Kf7 Qb3+ 52. Kg7 Qc3+ 53. Kh7 Qh3+ 54. Kg7 Qg4+ 55. Kf7 Qf5+ 56. Kg7
Qg5+ 57. Kf7 Qd5+ 58. Kg7 Qxg8+ 59. Kxg8
{Game drawn because neither player has mating material}
1/2-1/2